PAA
WESTWOOD SIXSHOOTERS @ FT. POLK SOUTH THUNDER HAWKS
08/21/2037
 
TOP OF THE 1ST
Westwood Sixshooters batting - Pitching for Ft. Polk South Thunder Hawks : RHP Laurel Yanny
Pitching: RHP Laurel Yanny
Batting: RHB Vesa Karpinen 0-0: Ball
1-0: Ball
2-0: Ball
3-0: Called Strike
3-1: Bunted foul
3-2: Ground out 6-3 (Groundball, 6, EV 81.2 MPH)
Batting: RHB Christian Rose 0-0: Foul Ball, location: 2F
0-1: Foul Ball, location: 2F
0-2: Hit by Pitch
Batting: LHB Juan Carlos Vázquez 0-0: Called Strike
0-1: Ball
1-1: Ball
2-1: Grounds into double play, 4-6-3 (Groundball, 4, EV 83.8 MPH)
Top of the 1st over - 0 runs, 0 hits, 0 errors, 0 left on base; Westwood 0 - Ft. Polk South 0
BOTTOM OF THE 1ST
Ft. Polk South Thunder Hawks batting - Pitching for Westwood Sixshooters : LHP Narihira Yokota
Pitching: LHP Narihira Yokota
Batting: RHB Yasuhide Nakashima 0-0: Called Strike
0-1: Foul Ball, location: 2F
0-2: Ball
1-2: Fly out, F8 (Flyball, 8LD, EV 102.5 MPH)
Batting: RHB Terry Kurucz 0-0: SINGLE (Line Drive, 34D, EV 111.2 MPH)
Batting: LHB Pat Pending 0-0: Ball
Terry Kurucz steals 2nd base
1-0: Swinging Strike
1-1: Foul Ball, location: 2F
1-2: Strikes out swinging
Batting: LHB Carlos Castro 0-0: Called Strike
0-1: Swinging Strike
0-2: Ball
1-2: Ball
2-2: Foul Ball, location: 2F
2-2: Ball
3-2: Ground out 4-3 (Groundball, 4, EV 93.8 MPH)
Bottom of the 1st over - 0 runs, 1 hit, 0 errors, 1 left on base; Westwood 0 - Ft. Polk South 0
TOP OF THE 2ND
Westwood Sixshooters batting - Pitching for Ft. Polk South Thunder Hawks : RHP Laurel Yanny
Batting: LHB Jorge Corella 0-0: Swinging Strike
0-1: Ball
1-1: Fly out, F8 (Flyball, 8RD, EV 85.6 MPH)
Batting: RHB Oki Hai 0-0: Swinging Strike
0-1: Foul Ball, location: 2F
0-2: Ball
1-2: Strikes out swinging
Batting: SHB Jin-yong Ch'oe 0-0: Ball
1-0: Foul Ball, location: 2F
1-1: Ball
2-1: Foul Ball, location: 2F
2-2: Ground out 6-3 (Groundball, 6, EV 86.9 MPH)
Top of the 2nd over - 0 runs, 0 hits, 0 errors, 0 left on base; Westwood 0 - Ft. Polk South 0
BOTTOM OF THE 2ND
Ft. Polk South Thunder Hawks batting - Pitching for Westwood Sixshooters : LHP Narihira Yokota
Batting: LHB Gregory Clement 0-0: Ball
1-0: Ground out 4-3 (Groundball, 4M, EV 104.4 MPH)
Batting: RHB Miguel Pacheco 0-0: Foul Ball, location: 2F
0-1: Foul Ball, location: 2F
0-2: Fly out, F8 (Flyball, 8LXD, EV 108.1 MPH)
Batting: RHB Lucas Gallant 0-0: Called Strike
0-1: Ball
1-1: Swinging Strike
1-2: Ball
2-2: Foul Ball, location: 2F
2-2: Strikes out swinging
Bottom of the 2nd over - 0 runs, 0 hits, 0 errors, 0 left on base; Westwood 0 - Ft. Polk South 0
TOP OF THE 3RD
Westwood Sixshooters batting - Pitching for Ft. Polk South Thunder Hawks : RHP Laurel Yanny
Batting: SHB José Tirado 0-0: Ball
1-0: Fly out, F8 (Flyball, 8LS, EV 81.2 MPH)
Batting: RHB Sean Roberts 0-0: Swinging Strike
0-1: Foul Ball, location: 2F
0-2: Ball
1-2: Strikes out swinging
Batting: RHB Duncan Hines 0-0: Foul Ball, location: 2F
0-1: Ball
1-1: Foul Ball, location: 2F
1-2: Strikes out swinging
Top of the 3rd over - 0 runs, 0 hits, 0 errors, 0 left on base; Westwood 0 - Ft. Polk South 0
BOTTOM OF THE 3RD
Ft. Polk South Thunder Hawks batting - Pitching for Westwood Sixshooters : LHP Narihira Yokota
Batting: LHB Marc Ben 0-0: Foul Ball, location: 2F
0-1: Ground out U3 (Groundball, 3, EV 94.4 MPH)
Batting: RHB César Salvatierra 0-0: Called Strike
0-1: Foul Ball, location: 2F
0-2: SINGLE (Groundball, 6, EV 76.9 MPH) (infield hit)
Batting: RHB Yasuhide Nakashima 0-0: Ball
1-0: Ball
2-0: 2-RUN HOME RUN (Flyball, 9D, EV 106.9 MPH), Distance : 342 ft
Batting: RHB Terry Kurucz 0-0: Called Strike
0-1: Foul Ball, location: 2F
0-2: Ball
1-2: Ball
2-2: Strikes out looking
Batting: LHB Pat Pending 0-0: Ball
1-0: DOUBLE (Line Drive, 89M, EV 103.1 MPH)
Batting: LHB Carlos Castro 0-0: Ball
1-0: Ball
2-0: Foul Ball, location: 2F
2-1: Swinging Strike
2-2: Foul Ball, location: 2F
2-2: Fly out, F7 (Flyball, 7LDF, EV 100.6 MPH)
Bottom of the 3rd over - 2 runs, 3 hits, 0 errors, 1 left on base; Westwood 0 - Ft. Polk South 2
TOP OF THE 4TH
Westwood Sixshooters batting - Pitching for Ft. Polk South Thunder Hawks : RHP Laurel Yanny
Batting: RHB Vesa Karpinen 0-0: Swinging Strike
0-1: Foul Ball, location: 2F
0-2: Ball
1-2: Foul Ball, location: 2F
1-2: Ball
2-2: Ball
3-2: Foul Ball, location: 2F
3-2: Base on Balls
Batting: RHB Christian Rose 0-0: Ball
1-0: SINGLE (Groundball, 6MD, EV 96.9 MPH)
Vesa Karpinen to second
Batting: LHB Juan Carlos Vázquez 0-0: Swinging Strike
0-1: Ball
1-1: Ball
2-1: Swinging Strike
2-2: SINGLE (Groundball, 34D, EV 95.0 MPH)
Vesa Karpinen to third
Christian Rose to second
Batting: LHB Jorge Corella 0-0: Foul Ball, location: 2F
0-1: Ball
1-1: Ball
2-1: Ball
3-1: Called Strike
3-2: Strikes out swinging
Batting: RHB Oki Hai 0-0: Ball
1-0: Called Strike
1-1: SINGLE (Groundball, 34, EV 103.1 MPH) (infield hit)
Vesa Karpinen scores
Christian Rose to third
Juan Carlos Vázquez to second
Batting: SHB Jin-yong Ch'oe 0-0: Ball
1-0: Called Strike
1-1: Ball
2-1: Fly out, F4 (Line Drive, 4, EV 72.5 MPH)
Batting: SHB José Tirado 0-0: Ball
1-0: Foul Ball, location: 2F
1-1: Ball
2-1: Ball
3-1: Fly out, F9 (Flyball, 9LS, EV 96.9 MPH)
Top of the 4th over - 1 run, 3 hits, 0 errors, 3 left on base; Westwood 1 - Ft. Polk South 2
BOTTOM OF THE 4TH
Ft. Polk South Thunder Hawks batting - Pitching for Westwood Sixshooters : LHP Narihira Yokota
Batting: LHB Gregory Clement 0-0: Ball
1-0: Called Strike
1-1: Ball
2-1: Ball
3-1: Swinging Strike
3-2: Fly out, F6 (Popup, 56D, EV 45.6 MPH)
Batting: RHB Miguel Pacheco 0-0: Foul Ball, location: 2F
0-1: Fly out, F7 (Flyball, 78S, EV 80.6 MPH)
Batting: RHB Lucas Gallant 0-0: Fly out, F9 (Flyball, 9LS, EV 83.1 MPH)
Bottom of the 4th over - 0 runs, 0 hits, 0 errors, 0 left on base; Westwood 1 - Ft. Polk South 2
TOP OF THE 5TH
Westwood Sixshooters batting - Pitching for Ft. Polk South Thunder Hawks : RHP Laurel Yanny
Batting: RHB Sean Roberts 0-0: Ball
1-0: Called Strike
1-1: Foul Ball, location: 2F
1-2: Strikes out swinging
Batting: RHB Duncan Hines 0-0: Ground out 5-3 (Groundball, 5S, EV 79.4 MPH)
Batting: RHB Vesa Karpinen 0-0: SINGLE (Line Drive, 8LS, EV 94.4 MPH)
Batting: RHB Christian Rose 0-0: Called Strike
0-1: Ball
1-1: Foul Ball, location: 2F
1-2: Fly out, F3 (Popup, 3S, EV 76.9 MPH)
Top of the 5th over - 0 runs, 1 hit, 0 errors, 1 left on base; Westwood 1 - Ft. Polk South 2
BOTTOM OF THE 5TH
Ft. Polk South Thunder Hawks batting - Pitching for Westwood Sixshooters : LHP Narihira Yokota
Batting: LHB Marc Ben 0-0: SINGLE (Line Drive, 78S, EV 113.8 MPH)
Batting: RHB César Salvatierra 0-0: SINGLE (Flyball, 8LS, EV 87.5 MPH)
Marc Ben to second
Batting: RHB Yasuhide Nakashima 0-0: Hit by Pitch
Marc Ben to third
César Salvatierra to second
Batting: RHB Terry Kurucz 0-0: Ball
1-0: Called Strike
1-1: Swinging Strike
1-2: Ball
2-2: Foul Ball, location: 2F
2-2: TRIPLE (Flyball, 9LD, EV 103.1 MPH)
Marc Ben scores
César Salvatierra scores
Yasuhide Nakashima scores
Batting: LHB Pat Pending 0-0: Ground out 3-1 (Groundball, 34S, EV 89.4 MPH)
Terry Kurucz scores
Batting: LHB Carlos Castro 0-0: Ball
1-0: Ball
2-0: Called Strike
2-1: Swinging Strike
2-2: Foul Ball, location: 2F
2-2: Foul Ball, location: 2F
2-2: Fly out, F8 (Flyball, 8RS, EV 93.8 MPH)
Batting: LHB Gregory Clement 0-0: Called Strike
0-1: SINGLE (Groundball, 34D, EV 108.1 MPH)
Pitching: RHP George Johnstone
Batting: RHB Miguel Pacheco 0-0: Ground out 1-3 (Groundball, 13, EV 78.8 MPH)
Bottom of the 5th over - 4 runs, 4 hits, 0 errors, 1 left on base; Westwood 1 - Ft. Polk South 6
TOP OF THE 6TH
Westwood Sixshooters batting - Pitching for Ft. Polk South Thunder Hawks : RHP Laurel Yanny
Batting: LHB Juan Carlos Vázquez 0-0: Called Strike
0-1: Ball
1-1: Ball
2-1: Ball
3-1: Foul Ball, location: 2F
3-2: Base on Balls
Batting: LHB Jorge Corella 0-0: Ball
1-0: Foul Ball, location: 2F
1-1: Fly out, F7 (Flyball, 78M, EV 86.9 MPH)
Batting: RHB Oki Hai 0-0: Called Strike
0-1: Ball
1-1: Foul Ball, location: 2F
1-2: Foul Ball, location: 2F
1-2: Strikes out looking
Batting: SHB Jin-yong Ch'oe 0-0: Called Strike
0-1: Foul Ball, location: 2F
0-2: Ball
1-2: Strikes out swinging
Top of the 6th over - 0 runs, 0 hits, 0 errors, 1 left on base; Westwood 1 - Ft. Polk South 6
BOTTOM OF THE 6TH
Ft. Polk South Thunder Hawks batting - Pitching for Westwood Sixshooters : RHP George Johnstone
Batting: RHB Lucas Gallant 0-0: Ball
1-0: Ball
2-0: Ground out 6-3 (Groundball, 6M, EV 81.2 MPH)
Batting: LHB Marc Ben 0-0: Ball
1-0: Called Strike
1-1: Foul Ball, location: 2F
1-2: Foul Ball, location: 2F
1-2: Foul Ball, location: 2F
1-2: Foul Ball, location: 2F
1-2: Foul Ball, location: 2F
1-2: Ground out 1-3 (Groundball, P, EV 70.0 MPH)
Batting: RHB César Salvatierra 0-0: Fly out, F8 (Flyball, 8RM, EV 74.4 MPH)
Bottom of the 6th over - 0 runs, 0 hits, 0 errors, 0 left on base; Westwood 1 - Ft. Polk South 6
TOP OF THE 7TH
Westwood Sixshooters batting - Pitching for Ft. Polk South Thunder Hawks : RHP Laurel Yanny
Batting: SHB José Tirado 0-0: Foul Ball, location: 2F
0-1: Foul Ball, location: 2F
0-2: Fly out, F8 (Flyball, 78M, EV 87.5 MPH)
Batting: RHB Sean Roberts 0-0: Fly out, F8 (Flyball, 8LS, EV 90.0 MPH)
Batting: RHB Duncan Hines 0-0: Called Strike
0-1: Ball
1-1: Ball
2-1: Foul Ball, location: 2F
2-2: SINGLE (Flyball, 9LS, EV 93.1 MPH)
Batting: RHB Vesa Karpinen 0-0: Ball
1-0: Ball
2-0: Called Strike
2-1: Ball
3-1: Called Strike
3-2: Foul Ball, location: 2F
3-2: Base on Balls
Duncan Hines to second
Batting: RHB Christian Rose 0-0: Called Strike
0-1: Ball
1-1: Swinging Strike
1-2: SINGLE (Groundball, 4, EV 100.0 MPH) (infield hit)
Duncan Hines to third
Vesa Karpinen to second
Batting: LHB Juan Carlos Vázquez 0-0: Called Strike
0-1: Ball
1-1: Ball
2-1: Foul Ball, location: 2F
2-2: Ball
3-2: Strikes out swinging
Top of the 7th over - 0 runs, 2 hits, 0 errors, 3 left on base; Westwood 1 - Ft. Polk South 6
BOTTOM OF THE 7TH
Ft. Polk South Thunder Hawks batting - Pitching for Westwood Sixshooters : RHP George Johnstone
Batting: RHB Yasuhide Nakashima 0-0: Ball
1-0: Foul Ball, location: 2F
1-1: Ball
2-1: Swinging Strike
2-2: Foul Ball, location: 2F
2-2: Foul Ball, location: 2F
2-2: Ball
3-2: Base on Balls
Batting: RHB Terry Kurucz 0-0: Ball
Yasuhide Nakashima is caught stealing 2nd base 2-4
1-0: Called Strike
1-1: Ball
2-1: Ball
3-1: Called Strike
3-2: Foul Ball, location: 2F
3-2: Fly out, F9 (Flyball, 9LDF, EV 105.6 MPH)
Batting: LHB Pat Pending 0-0: SINGLE (Groundball, 4MD, EV 102.5 MPH)
Batting: LHB Carlos Castro 0-0: Ball
1-0: Ball
2-0: Foul Ball, location: 2F
2-1: Foul Ball, location: 2F
2-2: Reached on error, E4 (Groundball, 4, EV 96.9 MPH)
Pat Pending to second
Batting: LHB Gregory Clement 0-0: Ball
1-0: Swinging Strike
1-1: Ball
2-1: Ground out 4-3 (Groundball, 4, EV 87.5 MPH)
Bottom of the 7th over - 0 runs, 1 hit, 1 error, 2 left on base; Westwood 1 - Ft. Polk South 6
TOP OF THE 8TH
Westwood Sixshooters batting - Pitching for Ft. Polk South Thunder Hawks : RHP Laurel Yanny
Pitching: RHP Dan Porter
Batting: LHB Jorge Corella 0-0: Called Strike
0-1: Ball
1-1: Foul Ball, location: 2F
1-2: Strikes out swinging
Batting: RHB Oki Hai 0-0: Ball
1-0: Ball
2-0: Foul Ball, location: 2F
2-1: Foul Ball, location: 2F
2-2: Ball
3-2: SINGLE (Groundball, 6MD, EV 98.8 MPH)
Batting: SHB Jin-yong Ch'oe 0-0: Fly out, F8 (Flyball, 8LD, EV 99.4 MPH)
Batting: SHB José Tirado 0-0: Ball
1-0: Foul Ball, location: 2F
1-1: Called Strike
1-2: Ball
2-2: Ground out 4-3 (Groundball, 4, EV 79.4 MPH)
Top of the 8th over - 0 runs, 1 hit, 0 errors, 1 left on base; Westwood 1 - Ft. Polk South 6
BOTTOM OF THE 8TH
Ft. Polk South Thunder Hawks batting - Pitching for Westwood Sixshooters : RHP George Johnstone
Batting: RHB Miguel Pacheco 0-0: Ball
1-0: Called Strike
1-1: SOLO HOME RUN (Flyball, 7LD, EV 98.8 MPH), Distance : 336 ft
Batting: RHB Lucas Gallant 0-0: Ball
1-0: Called Strike
1-1: Ball
2-1: Swinging Strike
2-2: Foul Ball, location: 2F
2-2: Fly out, F8 (Line Drive, 8RM, EV 106.9 MPH)
Pitching: RHP Alberto Gonzáles
Batting: LHB Marc Ben 0-0: Ball
1-0: Ball
2-0: Called Strike
2-1: Swinging Strike
2-2: Ball
3-2: Base on Balls
Batting: RHB César Salvatierra 0-0: Called Strike
0-1: Swinging Strike
0-2: Ball
1-2: Ball
2-2: Ball
3-2: Foul Ball, location: 2F
3-2: Strikes out looking
Batting: RHB Yasuhide Nakashima 0-0: Called Strike
Marc Ben steals 2nd base
0-1: Foul Ball, location: 2F
0-2: Ground out 5-3 (Groundball, 56S, EV 92.5 MPH)
Bottom of the 8th over - 1 run, 1 hit, 0 errors, 1 left on base; Westwood 1 - Ft. Polk South 7
TOP OF THE 9TH
Westwood Sixshooters batting - Pitching for Ft. Polk South Thunder Hawks : RHP Dan Porter
Batting: RHB Sean Roberts 0-0: Ground out U3 (Groundball, 34, EV 103.1 MPH)
Batting: RHB Duncan Hines 0-0: Called Strike
0-1: Ball
1-1: DOUBLE (Flyball, 8LD, EV 99.4 MPH)
Pitching: RHP Ricardo Peito
Batting: RHB Vesa Karpinen 0-0: Ball
1-0: Called Strike
1-1: Ball
2-1: Swinging Strike
2-2: Foul Ball, location: 2F
2-2: Ground out 4-3 (Groundball, 4M, EV 85.0 MPH)
Duncan Hines to third
Batting: RHB Christian Rose 0-0: Called Strike
0-1: Foul Ball, location: 2F
0-2: Strikes out looking
Top of the 9th over - 0 runs, 1 hit, 0 errors, 1 left on base; Westwood 1 - Ft. Polk South 7
Thursday, January 23rd, 2020 - OOTP Baseball 20.8 Build 74